 Dungeon Crawl Stone Soup version bcrawl-1.12-11-gb93c957c58 (console) character file.

Game seed: 7844125647297925385

270 Lexodia the Slasher (level 6, -1/48 HPs)
             Began as a Djinni Reaver on July 4, 2019.
             Was a Believer of Vehumet.
             Killed by nerve-wracking pain
             ... invoked by an orc priest
              (11 damage)
             ... on level 4 of the Dungeon.
             The game lasted 00:07:13 (2343 turns).

Lexodia the Slasher (Djinni Reaver)                 Turns: 2343, Time: 00:07:14

Health: -1/48      AC:  6    Str: 13    XL:     6   Next: 1%
Magic:  0/3        EV: 13    Int: 19    God:    Vehumet [**....]
Gold:   218        SH:  1    Dex:  9    Spells: 10/13 levels left

rFire    . . .     SeeInvis .   a - +0 long sword
rCold    . . .     Gourm    .   (no shield)
rNeg     . . .     Faith    .   b - +1 steam dragon scales
rPois    .         Spirit   .   (no helmet)
rElec    .         Reflect  .   (no cloak)
rCorr    .         Harm     .   (no gloves)
MR       .....                  (boots unavailable)
Stlth    +.........             j - amulet of regeneration
HPRegen  0.56/turn              (no ring)
MPRegen  0.08/turn              (no ring)

@: flying, very slightly contaminated, no casting
A: fixed mp, +cast, floating
a: Renounce Religion


You were on level 4 of the Dungeon.
You worshipped Vehumet.
Vehumet was pleased with you.
You were not hungry.

You visited 1 branch of the dungeon, and saw 4 of its levels.

You collected 218 gold pieces.

Inventory:

Hand Weapons
 a - a +0 long sword (weapon)
Missiles
 k - 2 throwing nets (quivered) {!f}
Armour
 b - +1 steam dragon scales (worn)
Jewellery
 j - an amulet of regeneration (around neck)
Scrolls
 d - 2 scrolls of immolation
 g - a scroll of noise {unknown}
 i - a scroll of remove curse
 m - 2 scrolls of enchant armour
 o - a scroll of blinking {unknown}
 q - a scroll of identify
Potions
 c - a potion of haste
 e - 2 potions of curing {unknown}
 l - a potion of might
 n - a potion of flight
 p - a potion of heal wounds {unknown}
 r - a potion of cancellation {unknown}
Comestibles
 f - 2 rations {!d}
 h - 3 chunks of flesh


   Skills:
 - Level 4.0 Fighting
 + Level 4.6 Long Blades
 - Level 4.0 Dodging
 - Level 4.0 Spellcasting
 + Level 2.4 Conjurations
 + Level 2.5 Fire Magic


You had 10 spell levels left.
You knew the following spells:

 Your Spells              Type           Power        Failure   Level  Hunger
a - Flame Tongue          Conj/Fire      ##...        4%          1    None
b - Searing Ray           Conj           ##....       8%          2    ##.....

Your spell library contained the following spells:

 Spells                   Type           Power        Failure   Level  Hunger
 Iskenderun's Battlesphe  Conj/Chrm      #.......     93%         5    ######.


Dungeon Overview and Level Annotations

Branches:
Dungeon (4/12)
 Temple: D:4-7

Altars:
Fedhas
Nemelex Xobeh
Okawaru
Qazlal

Shops:
D:4 [


Innate Abilities, Weirdness & Mutations

You cannot gain maximum magic capacity.
You can pull magic from your surroundings.
Your body floats in the air.


Message History

Casting: Flame Tongue (safe; 4% risk of failure)
Confirm with . or Enter, or press ? or * to list all spells.
Aiming: Flame Tongue (safe; 4% risk of failure)
Press: ? - help, Shift-Dir - straight line, f/p - orc priest
Aim: an orc priest, wielding a +0 dagger and wearing a +0 ring mail (moderately wounded)
The flame tongue hits the orc priest.
The orc priest is almost dead.
You briefly lose access to your magic!
The orc priest closely misses you.
Casting: Flame Tongue (safe; 4% risk of failure)
Confirm with . or Enter, or press ? or * to list all spells.
Aiming: Flame Tongue (safe; 4% risk of failure)
Press: ? - help, Shift-Dir - straight line, f/p - orc priest
Aim: an orc priest, wielding a +0 dagger and wearing a +0 ring mail (almost dead)
You miscast Flame Tongue.
You are very lightly contaminated with residual magic.
You have a brief vision of globes of primordial fire.
You briefly lose access to your magic!
The orc priest invokes the aid of Beogh against you.
Pain shoots through your body!
You die...

### .o.## #..
#o.... #.# .?..##
#.# ..... #.# ...
###.#####.####.#
##⌠.⌠..@o)......#
#..∩.####......#
#.⌠.⌠..##.#.##.#
#.##.#....#.#).
#....######.#.#
######....#.....#
#.........#.#...#
#.........#.....#
#.........#.....#


You could see an orc priest.

Vanquished Creatures
  A bullfrog (D:3)
  A howler monkey (D:3)
  A crimson imp (D:4)
  4 adders (D:3)
  2 oozes
  5 worms
  3 dart slugs
  2 leopard geckos (D:1)
  3 orcs (D:4)
  7 bats
  5 giant cockroaches
  4 goblins (D:1)
  10 hobgoblins
  A jackal (D:4)
  2 quokkas
  A ball python (D:1)
  2 frilled lizards
  9 kobolds
  4 rats
67 creatures vanquished.

Notes
Turn   | Place    | Note
-------+----------+-------------------------------------------
     0 | D:1      | Lexodia the Djinni Reaver began the quest for the Orb.
     0 | D:1      | Reached XP level 1. HP: 18/18 MP: 3/3
   114 | D:1      | Reached XP level 2. HP: 14/24 MP: 3/3
   421 | D:1      | Reached XP level 3. HP: 29/29 MP: 3/3
   730 | D:2      | Reached * piety under Vehumet
   730 | D:2      | Offered knowledge of Flame Tongue by Vehumet.
   739 | D:2      | Learned a level 1 spell: Flame Tongue
  1087 | D:2      | Found a stormy altar of Qazlal.
  1391 | D:2      | Reached XP level 4. HP: 34/35 MP: 2/3
  1555 | D:3      | Reached skill level 1 in Conjurations
  1555 | D:3      | Reached skill level 1 in Fire Magic
  1656 | D:3      | Found a sparkling altar of Nemelex Xobeh.
  1689 | D:3      | Found a blossoming altar of Fedhas.
  1758 | D:3      | Noticed a bullfrog
  1766 | D:3      | Killed a bullfrog
  1766 | D:3      | Reached XP level 5. HP: 25/42 MP: 2/3
  1773 | D:3      | Found an iron altar of Okawaru.
  1974 | D:3      | Offered knowledge of Searing Ray by Vehumet.
  1978 | D:3      | Learned a level 2 spell: Searing Ray
  2225 | D:4      | Found a blossoming altar of Fedhas.
  2245 | D:4      | Reached ** piety under Vehumet
  2303 | D:4      | Found Ivi Gimp's Antique Armour Shop.
  2328 | D:4      | Reached XP level 6. HP: 28/48 MP: 0/3
  2343 | D:4      | Killed from afar by an orc priest

Skill      XL: |  1  2  3  4  5 |
---------------+----------------+-----
Spellcasting   | 4 |  4.0
Long Blades    | 4 |  4.6
Conjurations   | 1 2 |  2.4
Fire Magic     | 2 |  2.5
Fighting       | 4 |  4.0
Dodging        | 4 |  4.0

Action                   |  1- 3 |  4- 6 || total
-------------------------+-------+-------++-------
Melee: Long sword        |   151 |    80 ||   231
 Cast: Flame Tongue      |    22 |    37 ||    59
       Searing Ray       |       |     5 ||     5
  Use: Scroll            |     5 |       ||     5
  Eat: Chunk             |     2 |     3 ||     5
Armor: Steam dragon scal |    55 |    33 ||    88
Dodge: Dodged            |   114 |    56 ||   170
Block: Other             |       |     1 ||     1
